 Seeded DCSS version 0.30.1 (webtiles) character file.

Game seed: 6351066067085065685 (custom seed)

45 Esekla the Grave Robber (level 3, -1/19 HPs)
             Began as a Deep Elf Necromancer on July 11, 2023.
             Was an Initiate of Vehumet.
             Slain by a gnoll
             ... wielding a +0 club
              (4 damage)
             ... on level 2 of the Dungeon.
             The game lasted 00:08:08 (1352 turns).

Esekla the Grave Robber (Deep Elf Necromancer)      Turns: 1352, Time: 00:08:08

Health: -1/19      AC:  4    Str:  5    XL:     3   Next: 42%
Magic:  6/9        EV: 13    Int: 21    God:    Vehumet [......]
Gold:   166        SH:  0    Dex: 18    Spells: 4/8 levels left

rFire   . . .        p - +5 rapier of the Hero {heavy, rN+ Dex+3}
rCold   . . .        (no shield)
rNeg    + . .        a - +0 robe
rPois   .            l - +0 helmet
rElec   .            (no cloak)
rCorr   .            i - +0 pair of gloves
SInv    .            (no boots)
Will    .....        (no amulet)
Stlth   ++           (no ring)
HPRegen 0.23/turn    (no ring)
MPRegen 0.11/turn

%: no passive effects
@: no status effects
A: no striking features
a: Renounce Religion


You were on level 2 of the Dungeon.
You worshipped Vehumet.
Vehumet was noncommittal.
You visited 1 branch of the dungeon, and saw 4 of its levels.

You collected 166 gold pieces.

Inventory:

Hand Weapons
 p - the +5 rapier of the Hero (weapon) {heavy, rN+ Dex+3}
   (You found it on level 3 of the Dungeon)

   Dex:       It affects your dexterity (+3).
   rN:        It protects you from negative energy.
Armour
 a - a +0 robe (worn)
 i - a +0 pair of gloves (worn)
 l - a +0 helmet (worn)
Wands
 h - a wand of roots (9)
Scrolls
 e - a scroll of fear {unknown}
 f - a scroll of identify {unknown}
 m - 2 scrolls of enchant weapon {unknown}
 n - a scroll of amnesia {unknown}
 o - a scroll of immolation {unknown}
 r - a scroll of fog {unknown}
Potions
 b - a potion of magic
 c - a potion of curing {unknown}
 d - a potion of ambrosia {unknown}
 g - a potion of haste {unknown}
 j - 2 potions of attraction {unknown}
 k - a potion of mutation {unknown}
 q - 2 potions of brilliance {unknown}
 s - a potion of heal wounds {unknown}


   Skills:
 + Level 0.9 Short Blades
 * Level 3.0 Dodging
 + Level 2.8 Stealth
 * Level 3.3 Spellcasting
 * Level 5.5 Necromancy


You had 4 spell levels left.
You knew the following spells:

 Your Spells              Type           Power      Damage    Failure   Level
a - Necrotise             Necr           100%       1d9       1%          1
d - Vampiric Draining     Necr           26%        2d7       4%          3

Your spell library contained the following spells:

 Spells                   Type           Power      Damage    Failure   Level
 Animate Dead             Necr           26%        N/A       13%         4
 Lesser Beckoning         Tloc           6%         N/A       19%         2
 Gell's Gravitas          Tloc           3%         N/A       36%         3
 Teleport Other           Tloc           3%         N/A       36%         3
 Agony                    Necr           26%        N/A       36%         5


Dungeon Overview and Level Annotations

Branches:
Dungeon (4/15)
 Temple: D:4-7

Altars:
Okawaru
Vehumet
Zin

Shops:
D:2 =   D:4 (


Message History

Vehumet accepts your kill.
You start resting.
HP restored.
You start waiting.
An endoplasm is nearby!
You see here an adder corpse.
The endoplasm quivers.
You hit the endoplasm.
The endoplasm is severely wounded.
The endoplasm jiggles.
The endoplasm misses you. The endoplasm completely misses you.
You puncture the endoplasm!
You kill the endoplasm!
Vehumet accepts your kill.
You see here a +0 club.
There is a stone staircase leading down here.
You climb downwards.
Found 11 gold pieces.
There is a stone staircase leading up here.
Found a short sword.
You now have 166 gold pieces (gained 11).
There is a stone staircase leading up here.
A gnoll comes into view. It is wielding a +0 flail.
The gnoll shouts!
You hear a shout!
The gnoll hits you from afar with a +0 spear!
A gnoll comes into view. It is wielding a +0 club.
The gnoll shouts!
The gnoll attacks as you move away! The gnoll misses you.
The gnoll attacks as you move away! The gnoll hits you with a +0 club!
* * * LOW HITPOINT WARNING * * *
Cast which spell? (? or * to list)
The spell is quite dangerous to miscast (4% risk of failure)!
Continue anyway?
Aiming: Vampiric Draining (quite dangerous; 4% risk of failure)
Press: ? - help, Shift-Dir - straight line, f - gnoll
Aim: a gnoll, wielding a +0 club You draw life force from the gnoll!
You feel life coursing into your body.
The gnoll hits you from afar with a +0 spear!
* * * LOW HITPOINT WARNING * * *
The gnoll hits you with a +0 club.
You die...

###^#..... ...
..# #.#..###
#.# ### #.#..#
#.# #.#..# #g#
#####....#####.
....g.g........
#g..####..
##g.......
#@.#####.#
#..#####.###
#<.........#
#........).#
#.######.#.#
#.........
########.#


You could see 3 gnolls.

Vanquished Creatures
  An adder (D:1)
  A dart slug (D:1)
  5 ball pythons (D:1)
  2 bats (D:1)
  3 endoplasms (D:1)
  6 goblins
  3 hobgoblins
  A quokka (D:1)
  4 frilled lizards
  5 kobolds
31 creatures vanquished.

Notes
Turn   | Place    | Note
-------+----------+-------------------------------------------
     0 | D:1      | Esekla the Deep Elf Necromancer began the quest for the
                  | Orb.
     0 | D:1      | Reached XP level 1. HP: 10/10 MP: 6/6
    94 | D:1      | Reached skill level 5 in Necromancy
   219 | D:1      | Reached XP level 2. HP: 8/15 MP: 8/8
   342 | D:4      | Found a radiant altar of Vehumet.
   346 | D:4      | Became a worshipper of Vehumet
   433 | D:4      | Found an iron altar of Okawaru.
   445 | D:4      | Found a glowing silver altar of Zin.
   621 | D:4      | Found Ponaysk's Antique Weapon Boutique.
   870 | D:3      | Identified the +5 rapier of the Hero {heavy, rN+ Dex+3}
   887 | D:2      | Found Renulab's Jewellery Shop.
  1096 | D:1      | Reached XP level 3. HP: 18/19 MP: 9/9
  1100 | D:1      | Learned a level 3 spell: Vampiric Draining
  1352 | D:2      | Slain by a gnoll

Illustrated notes

Levels and vault maps discovered:
D:1:      sevenhm_arrival_forest_fort_small_3, layout_rooms,
          chequers_serial_rivers_room_b, minmay_misc_feat_five
D:2:      layout_loops_ring, dreamdust_ecumenical_altar_angels_and_demons,
          serial_shops, shop
D:3:      layout_basic, grunt_temple_overflow_open, minmay_misc_feat_iff
D:4:      layout_basic, nicolae_overflow_quartered_altars, serial_shops,
          nicolae_diamond_shop

Skill      XL: |  1  2  3 |
---------------+----------+-----
Necromancy     | 5 |  5.5
Dodging        | 3 |  3.0
Short Blades   | |  0.9
Stealth        | |  2.8
Spellcasting   | |  3.3

Action                     || total
---------------------------++-------
  Melee: Short sword       ||    22
         Unarmed           ||     9
         Dagger            ||    25
         Rapier            ||    29
   Cast: Vampiric Draining ||     1
   Stab: Sleeping          ||     2
 Armour: Robe              ||    15
  Dodge: Dodged            ||    57
